 Dungeon Crawl Stone Soup version 0.25-a0-523-g9afb2ee040 (webtiles) character file.

Game seed: 1681802095117946181, levelgen mode: deterministic

100246 Flugslaktarn the Severer (level 15, -6/142 HPs)
             Began as a Deep Dwarf Fighter on Feb 18, 2020.
             Was the Champion of Makhleb.
             Mangled by a naga warrior
             ... wielding a +0 halberd
              (20 damage)
             ... on level 4 of the Snake Pit.
             The game lasted 00:13:58 (14821 turns).

Flugslaktarn the Severer (Deep Dwarf Fighter)      Turns: 14821, Time: 00:13:58

Health: -6/142     AC: 27    Str: 26    XL:     15   Next: 80%
Magic:  5/5        EV:  5    Int:  8    God:    Makhleb [******]
Gold:   589        SH: 20    Dex: 12    Spells: 14/14 levels left

rFire    . . .     SeeInvis .   S - +3 broad axe (venom)
rCold    + . .     Gourm    .   M - +0 tower shield
rNeg     + . .     Faith    +   K - +2 plate armour {rPois}
rPois    +         Spirit   .   m - +1 helmet
rElec    +         Reflect  .   o - +0 cloak
rCorr    .         Harm     .   O - +0 pair of gloves
MR       +++..                  L - +0 pair of boots
Stlth    ..........             J - amulet of Dyleit {Faith rElec Str+2}
HPRegen  0.00/turn              T - +3 ring of evasion
MPRegen  0.09/turn              H - ring of Mamiykor {rElec rC+ MR+ Int-3 Stlth-}

@: non-regenerating, constricted, studying Armour
A: damage resistance, heal wounds, fangs 1, yellow scales 1, negative energy
resistance 1, sense surroundings 2, electricity resistance, no regeneration
a: Heal Wounds, Minor Destruction, Lesser Servant of Makhleb, Major Destruction,
Greater Servant of Makhleb, Renounce Religion


You were on level 4 of the Snake Pit.
You worshipped Makhleb.
Makhleb was exalted by your worship.
You were hungry.

You visited 4 branches of the dungeon, and saw 24 of its levels.
You also visited: Gauntlet.

You collected 1302 gold pieces.
You spent 713 gold pieces at shops.

Inventory:

Hand Weapons
 a - a +1 war axe of freezing
 S - a +3 broad axe of venom (weapon)
   (You bought it in a shop on level 2 of the Snake Pit)
Missiles
 x - a throwing net
Armour
 g - a scarf of repulsion
   (You found it in a Gauntlet)
 m - a +1 helmet (worn)
   (You found it on level 4 of the Dungeon)
 o - a +0 cloak (worn)
   (You found it on level 6 of the Dungeon)
 K - a +2 plate armour of poison resistance (worn)
   (You took it off an orc knight on level 15 of the Dungeon)
 L - a +0 pair of boots (worn)
   (You found it in a Gauntlet)
 M - a +0 tower shield (worn)
   (You took it off Louise on level 4 of the Snake Pit)
 O - a +0 pair of gloves (worn)
   (You found it on level 1 of the Lair of Beasts)
Jewellery
 n - an uncursed ring of positive energy
   (You found it on level 15 of the Dungeon)
 H - the ring of Mamiykor (right hand) {rElec rC+ MR+ Int-3 Stlth-}
   (You bought it in a shop on level 14 of the Dungeon)

   [ring of attention]

   It affects your intelligence (-3).
   It protects you from cold.
   It insulates you from electricity.
   It affects your resistance to hostile enchantments.
   It makes you less stealthy.
 J - the amulet of Dyleit (around neck) {Faith rElec Str+2}
   (You acquired it on level 15 of the Dungeon)

   [amulet of faith]

   It allows you to gain divine favour quickly.
   It affects your strength (+2).
   It insulates you from electricity.
 T - a +3 ring of evasion (left hand)
   (You found it on level 5 of the Dungeon)
Wands
 b - a wand of paralysis (5)
   (You found it on level 13 of the Dungeon)
 s - a wand of scattershot (3)
   (You found it on level 1 of the Lair of Beasts)
 v - a wand of digging (5)
   (You found it on level 14 of the Dungeon)
 F - a wand of iceblast (2)
   (You found it on level 13 of the Dungeon)
 I - a wand of enslavement (12)
   (You found it on level 15 of the Dungeon)
 N - a wand of acid (8)
   (You found it on level 3 of the Lair of Beasts)
Scrolls
 f - 5 scrolls of remove curse
 j - a scroll of fear
 r - 9 scrolls of identify
 t - 12 scrolls of teleportation
 z - a scroll of blinking
 B - 2 scrolls of magic mapping
 D - 5 scrolls of enchant armour
 E - 2 scrolls of immolation
 Q - a scroll of summoning
Potions
 d - 2 potions of might
 h - 4 potions of haste
 i - 5 potions of flight
 k - 2 potions of cancellation
 l - 2 potions of invisibility
 p - 8 potions of brilliance
 q - 13 potions of curing
 u - a potion of magic
 w - 5 potions of heal wounds
 y - a potion of mutation
 A - 3 potions of ambrosia
 G - 3 potions of stabbing
 R - a potion of resistance {unknown}
Books
 c - a manual of Armour
   (You found it on level 4 of the Snake Pit)
Miscellaneous
 P - 2 phantom mirrors
Comestibles
 e - 38 rations


   Skills:
 + Level 11.3 Fighting
 * Level 17.6 Axes
 + Level 13.2 Armour
 + Level 13.2 Shields
 + Level 13.8 Invocations


You had 14 spell levels left.
You didn't know any spells.
Your spell library was empty.

Dungeon Overview and Level Annotations

Branches:
Dungeon (15/15)            Temple (1/1) D:5            Lair (4/6) D:9
  Swamp (0/4) Lair:2        Snake (4/4) Lair:4          Orc (0/2) D:11
 Vaults (0/5) D:13         Depths (0/5) D:15        Gauntlet (visited)

Altars:
Cheibriados
Dithmenos
Elyvilon
Gozag
Hepliaklqana
Kikubaaqudgha
Makhleb
Nemelex Xobeh
Okawaru
Qazlal
Ru
Sif Muna
Uskayaw
Vehumet
Wu Jian
Yredelemnul
Zin
The Shining One

Shops:
D:10 (   D:12 !?   D:14 =   Snake:2 *   Snake:3 :

Annotations:
D:7 2 transporters, drasked's ghost, novice DEWz
D:8 3 runed translucent doors, Defined's ghost, novice GnWn
D:12 2 transporters, Flugslaktarn's ghost, journeyman DDFi


Innate Abilities, Weirdness & Mutations

You are resistant to damage.
You can heal yourself by infusing magical energy.
You resist negative energy. (rN+)
You passively map the area around you.
You do not regenerate.
You have very sharp teeth.
You are partially covered in yellow scales. (AC +2)
You are resistant to electric shocks. (rElec)


Message History

* * * LOW HITPOINT WARNING * * *
You are knocked back by the lance of force.
You collide with the naga!
You block the shock serpent's attack.
You are too injured to fight recklessly!
Your magical essence is drained by the effort!
You feel much better. The anaconda bites you!
* * * LOW HITPOINT WARNING * * *
You block the shock serpent's attack.
The nagaraja mumbles some strange words.
The nagaraja seems to speed up.
The nagaraja hits you with a +0 whip!
* * * LOW HITPOINT WARNING * * *
x2 The nagaraja constricts you.
You block the anaconda's attack. You block the shock serpent's attack.
The naga warrior hits you from afar with a +0 halberd.
The naga spits poison at you.
The splash of poison hits you but does no damage.
You resist.
The guardian serpent casts a spell.
The naga warrior hits you from afar with a +0 halberd!!
You die...

#..# #....,,...... # *
#..# #####( .....#.# * *
#..# *###.....# , ##..#
#......# , * ,
#...############......###
, ,
....#..........##........
.........................
............(##NS##.####.,
,,, .....#########NN@S###
****, ....##


#NNSNN.# ....# #NNN##...#* * ...## #N.N# ##...# * * ...# #..S#* #...#*,, ,
..##### #..N# , #N..# , ......# .... , .N..# , #....##,... ,..... * ....##, , *
, , , You could see 3 naga warriors, 3 nagarajas, a naga sharpshooter, an
anaconda, a naga ritualist, 2 shock serpents, a guardian serpent and 7 nagas.

Vanquished Creatures
  The ghost of EtherCrawl the Severer, an adept FoBe of Trog (Snake:4)
  A nagaraja (Snake:3)
  Louise (Snake:4)
  A minotaur (Gauntlet)
  A yaktaur captain (D:15)
  7 naga warriors
  A great orb of eyes (Gauntlet)
  A hydra (Lair:3)
  A catoblepas (D:15)
  Erica (D:9)
  5 centaur warriors
  4 anacondas
  An ogre mage (D:13)
  8 two-headed ogres
  3 naga sharpshooters
  4 shock serpents
  A skeletal warrior (D:13)
  2 salamander mystics
  An unseen horror (D:12)
  A deep elf archer (D:13)
  4 deep elf magi
  A wolf spider zombie (D:12)
  2 orc knights
  13 mana vipers
  5 naga ritualists
  6 ugly things
  5 cyclopes
  2 manticores
  5 centaur zombies
  14 black mambas
  3 guardian serpents
  6 elephants
  Joseph (D:10)
  5 salamanders
  5 naga magi
  A torpor snail (Gauntlet)
  A smoke demon (Gauntlet)
  8 centaur skeletons
  A gargoyle (D:15)
  4 spiny frogs
  A kobold demonologist (D:14)
  3 komodo dragons
  An efreet (D:12)
  A yaktaur (D:15)
  2 trolls
  A red devil (Gauntlet)
  A polar bear (Lair:4)
  6 slime creatures
  11 blink frogs
  10 hippogriffs
  A wraith (D:14)
  A shadow (D:15)
  A spriggan (D:8)
  2 wyverns
  37 yaks
  A water elemental (D:11)
  A steam dragon (D:15)
  3 vampire mosquitoes (D:13)
  3 soldier ants
  33 nagas
  2 acid dragons (D:15)
  A naga (shapeshifter) (D:15)
  2 floating eyes (D:12)
  5 water moccasins
  6 porcupines
  6 sky beasts
  A hornet zombie (D:15)
  7 ice beasts
  11 orc warriors
  4 necrophages
  5 black bears
  4 phantoms
  7 ogres
  3 boggarts (D:14)
  7 centaurs
  4 crocodiles
  A big kobold (D:13)
  14 bullfrogs
  A water moccasin zombie (D:6)
  A wyvern skeleton (D:12)
  5 scorpions
  19 killer bees
  5 wights (D:11)
  5 howler monkeys
  2 electric eels (D:11)
  10 crimson imps
  A quasit (D:7)
  2 bullfrog zombies
  A bullfrog skeleton (D:13)
  3 jellies
  4 orc priests
  4 hounds
  3 orc wizards
  7 iguanas
  Natasha (D:2)
  7 worker ants
  A killer bee zombie (D:5)
  2 human simulacra (D:14)
  2 hound skeletons
  A howler monkey zombie (D:11)
  A worker ant zombie (D:7)
  8 adders
  A howler monkey skeleton (D:4)
  2 shadow imps (D:15)
  2 adder zombies (D:7)
  2 oozes
  3 worms
  2 dart slugs
  5 leopard geckos
  40 orcs
  2 giant cockroaches
  2 goblins (D:1)
  3 hobgoblins
  3 jackals
  3 quokkas
  2 bats
  A frilled lizard (D:4)
  2 jackal skeletons
  10 kobolds
  2 quokka skeletons
  A quokka zombie (D:8)
  4 rats
  5 fungi
  A plant (D:9)
542 creatures vanquished.

Vanquished Creatures (collateral kills)
  Rupert (D:14)
  3 hydras
  A catoblepas (D:14)
  A naga sharpshooter (Snake:4)
  A naga ritualist (Snake:4)
  3 ugly things (D:15)
  A cyclops (D:14)
  3 elephants (Lair:4)
  A black mamba (Snake:4)
  3 naga magi (Snake:4)
  2 spiny frogs (Lair:2)
  A komodo dragon (Lair:2)
  A polar bear (Lair:4)
  A troll (D:15)
  A wraith (D:15)
  4 yaks (Lair:2)
  2 wyverns
  4 nagas
  3 water moccasins
  An ice beast (D:14)
  A centaur (D:14)
  A crocodile (Lair:2)
  2 bullfrogs (Lair:2)
  2 electric eels (Lair:2)
  An iguana (D:14)
  A shadow imp (D:14)
46 creatures vanquished.

Vanquished Creatures (others)
  5 fungi
  A plant (D:9)
6 creatures vanquished.

Grand Total: 594 creatures vanquished

Notes
Turn   | Place    | Note
-------+----------+-------------------------------------------
     0 | D:1      | Flugslaktarn the Deep Dwarf Fighter began the quest for the
                  | Orb.
     0 | D:1      | Reached XP level 1. HP: 20/20 MP: 1/1
    26 | D:1      | Reached XP level 2. HP: 24/27 MP: 2/2
   105 | D:2      | Noticed Natasha
   107 | D:2      | Noticed a crimson imp
   114 | D:2      | Killed Natasha
   114 | D:2      | Reached skill level 3 in Axes
   114 | D:2      | Reached XP level 3. HP: 26/34 MP: 3/3
   291 | D:3      | Found a hide-covered altar of Uskayaw.
   370 | D:4      | Noticed a scorpion
   379 | D:4      | Killed a scorpion
   379 | D:4      | Reached XP level 4. HP: 20/42 MP: 4/4
   530 | D:4      | Noticed a hippogriff
   536 | D:4      | Killed a hippogriff
   536 | D:4      | Reached skill level 4 in Axes
   536 | D:4      | Reached XP level 5. HP: 48/50 MP: 4/4
   536 | D:4      | Reached XP level 6. HP: 55/57 MP: 5/5
   638 | D:4      | You fall into a shaft and drop 2 floors!
   694 | D:6      | Noticed an orc warrior
   695 | D:6      | Noticed an orc warrior
   703 | D:6      | Reached skill level 5 in Axes
   715 | D:6      | Killed an orc warrior
   718 | D:6      | Reached XP level 7. HP: 34/64 MP: 6/6
   720 | D:6      | Reached skill level 5 in Armour
   720 | D:6      | Reached skill level 5 in Shields
   792 | D:6      | Found a sparkling altar of Nemelex Xobeh.
   805 | D:6      | Reached skill level 6 in Axes
   868 | D:5      | Entered Level 5 of the Dungeon
   922 | D:5      | Reached XP level 8. HP: 35/73 MP: 7/7
  1144 | D:4      | Reached skill level 7 in Axes
  1558 | D:5      | Reached skill level 5 in Fighting
  1711 | D:5      | Found a staircase to the Ecumenical Temple.
  1819 | Temple   | Entered the Ecumenical Temple
  2086 | Temple   | Became a worshipper of Makhleb the Destroyer
  2427 | D:7      | Found a stormy altar of Qazlal.
  2512 | D:7      | Reached skill level 8 in Axes
  2512 | D:7      | Reached skill level 1 in Invocations
  2517 | D:7      | Noticed drasked's ghost (novice DEWz)
  2520 | D:7      | Noticed a moth of wrath
  2526 | D:7      | Found a transporter.
  2575 | D:7      | Found a transporter.
  2827 | D:7      | Gained mutation: You passively map the area around you.
                  | [Deep Dwarf growth]
  2827 | D:7      | Reached XP level 9. HP: 64/81 MP: 7/7
  2835 | D:7      | Found an ancient bone altar of Kikubaaqudgha.
  3238 | D:8      | Reached * piety under Makhleb
  3464 | D:8      | Found a runed translucent gate.
  3465 | D:8      | Found a runed translucent gate.
  3466 | D:8      | Found a runed translucent gate.
  3466 | D:8      | Noticed Defined's ghost (novice GnWn)
  3502 | D:8      | Reached skill level 9 in Axes
  3512 | D:8      | Noticed a two-headed ogre
  3539 | D:8      | Killed a two-headed ogre
  3675 | D:8      | Reached skill level 10 in Axes
  3675 | D:8      | Reached XP level 10. HP: 32/91 MP: 9/9
  3703 | D:8      | Reached skill level 5 in Invocations
  3892 | D:8      | Reached ** piety under Makhleb
  4193 | D:9      | Found a staircase to the Lair.
  4302 | D:9      | Noticed Erica
  4311 | D:9      | Killed Erica
  4388 | D:9      | Noticed a manticore
  4395 | D:9      | Killed a manticore
  4395 | D:9      | Reached skill level 11 in Axes
  4588 | D:9      | Found a glowing golden altar of the Shining One.
  4589 | D:9      | Found a glowing silver altar of Zin.
  4589 | D:9      | Found a white marble altar of Elyvilon.
  4590 | D:9      | You fall into a shaft and drop 3 floors!
  4624 | D:12     | Noticed a two-headed ogre
  4634 | D:12     | HP: 2/92 [two-headed ogre/+0 giant spiked club (10)]
  4638 | D:12     | Killed a two-headed ogre
  4644 | D:12     | Reached XP level 11. HP: 75/100 MP: 9/11
  4673 | D:12     | Found a transporter.
  4675 | D:12     | Found a transporter.
  4676 | D:12     | Noticed Flugslaktarn's ghost (journeyman DDFi)
  4677 | D:12     | Noticed a two-headed ogre
  4678 | D:12     | Identified the +10 great mace of Reeliats {antimagic, rN+}
  4678 | D:12     | Identified the +4 great mace "Adwag" {freeze, Int+4}
  4678 | D:12     | Noticed a two-headed ogre
  4679 | D:12     | Noticed a two-headed ogre
  4679 | D:12     | Noticed a two-headed ogre
  4695 | D:12     | Noticed a two-headed ogre
  4698 | D:12     | Paralysed by a floating eye for 4 turns
  4729 | D:12     | Found Wuelab's Distillery.
  4803 | D:11     | Found a staircase to the Orcish Mines.
  4838 | D:10     | Entered Level 10 of the Dungeon
  4901 | D:10     | Noticed Joseph
  4908 | D:10     | Reached *** piety under Makhleb
  4944 | D:10     | Killed Joseph
  5014 | D:10     | Found an ornate altar of the Wu Jian Council.
  5146 | D:9      | Reached skill level 12 in Axes
  5330 | D:9      | Found a sacrificial altar of Ru.
  5555 | D:10     | Found Pecett's Weapon Emporium.
  5816 | D:11     | Noticed a green ugly thing
  5828 | D:11     | Killed a green ugly thing
  6068 | D:11     | Noticed an orc knight
  6088 | D:11     | Killed an orc knight
  6310 | D:12     | Paralysed by a floating eye for 3 turns
  6316 | D:12     | Paralysed by a floating eye for 4 turns
  6324 | D:12     | Reached **** piety under Makhleb
  6334 | D:12     | Found Kiduaser's Magic Scroll Shoppe.
  6365 | D:12     | Reached XP level 12. HP: 73/110 MP: 10/10
  6391 | D:12     | Paralysed by a floating eye for 2 turns
  6412 | D:12     | Killed a two-headed ogre
  6579 | D:12     | Reached skill level 13 in Axes
  6579 | D:12     | Reached skill level 10 in Shields
  6599 | D:12     | Bought 2 potions of mutation for 192 gold pieces
  6599 | D:12     | Bought a potion of mutation for 96 gold pieces
  6599 | D:12     | Gained mutation: Scrolls take you a little longer to read.
                  | [potion of mutation]
  6599 | D:12     | Gained mutation: You are partially covered in slimy green
                  | scales. (AC +2) [potion of mutation]
  6599 | D:12     | Gained mutation: You are partially covered in large bone
                  | plates. (SH +4) [potion of mutation]
  6601 | D:12     | Lost mutation: Scrolls take you a little longer to read.
                  | [potion of mutation]
  6601 | D:12     | Lost mutation: You are partially covered in large bone
                  | plates. (SH +4) [potion of mutation]
  6601 | D:12     | Lost mutation: You are partially covered in slimy green
                  | scales. (AC +2) [potion of mutation]
  6601 | D:12     | Gained mutation: You have very sharp teeth. [potion of
                  | mutation]
  6601 | D:12     | Gained mutation: You are weak. (Str -2) [potion of
                  | mutation]
  6601 | D:12     | Lost mutation: You are weak. (Str -2) [potion of mutation]
  6989 | D:13     | Reached skill level 10 in Armour
  7095 | D:13     | Noticed a two-headed ogre
  7097 | D:13     | Noticed a two-headed ogre
  7099 | D:13     | Noticed a centaur warrior
  7103 | D:13     | Killed a two-headed ogre
  7103 | D:13     | Noticed a two-headed ogre
  7105 | D:13     | Noticed an ogre mage
  7112 | D:13     | Killed a two-headed ogre
  7113 | D:13     | Killed an ogre mage
  7114 | D:13     | Killed a two-headed ogre
  7121 | D:13     | Killed a centaur warrior
  7156 | D:13     | Reached skill level 10 in Invocations
  7223 | D:13     | Reached ***** piety under Makhleb
  7242 | D:13     | Reached skill level 14 in Axes
  7570 | D:13     | Reached XP level 13. HP: 117/121 MP: 10/10
  7811 | D:13     | Found a gate to the Vaults.
  8105 | D:14     | Noticed Rupert
  8112 | D:14     | Paralysed by Rupert for 3 turns
  8142 | D:14     | Killed Rupert
  8215 | D:14     | Identified the +10 long sword "Orb Guardian's Foe" {vamp,
                  | rPois}
  8597 | D:14     | Found Jorufox's Jewellery Emporium.
  8733 | D:14     | Bought the ring of Mamiykor {rElec rC+ MR+ Int-3 Stlth-}
                  | for 361 gold pieces
  8881 | D:15     | Entered Level 15 of the Dungeon
  9009 | D:15     | Found a gate leading to a gauntlet.
  9143 | D:15     | Reached skill level 15 in Axes
  9198 | Gauntlet | Entered a Gauntlet
  9198 | Gauntlet | Found a transporter.
  9221 | Gauntlet | Found a transporter.
  9232 | Gauntlet | Found a transporter.
  9237 | Gauntlet | Found a transporter.
  9252 | Gauntlet | Found a transporter.
  9253 | Gauntlet | Noticed a blizzard demon
  9273 | Gauntlet | Found a transporter.
  9273 | Gauntlet | Noticed a blizzard demon
  9285 | Gauntlet | Found a transporter.
  9297 | Gauntlet | Found a transporter.
  9309 | Gauntlet | Found a transporter.
  9315 | Gauntlet | Found a transporter.
  9315 | Gauntlet | Found a transporter.
  9330 | Gauntlet | Found a transporter.
  9347 | Gauntlet | Found a transporter.
  9367 | Gauntlet | Found a transporter.
  9392 | Gauntlet | Found a transporter.
  9412 | Gauntlet | Found a transporter.
  9490 | Gauntlet | Found a transporter.
  9607 | Gauntlet | Found a transporter.
  9795 | Gauntlet | Got a flickering platinum amulet
  9802 | Gauntlet | Identified the amulet "Okhicizxo" {Reflect +Fly rPois rC+
                  | SH+2} (You found it in a Gauntlet)
  9833 | Gauntlet | Identified the +5 long sword of Righteous Fury {vamp, rC+
                  | Int+5}
  9833 | Gauntlet | Noticed a minotaur
  9847 | Gauntlet | Killed a minotaur
  9858 | D:15     | Identified a scroll of acquirement
  9858 | D:15     | Identified the amulet of Dyleit {Faith rElec Str+2} (You
                  | acquired it on level 15 of the Dungeon)
  9908 | D:15     | Gained mutation: You resist negative energy. (rN+) [Deep
                  | Dwarf growth]
  9908 | D:15     | Reached XP level 14. HP: 84/130 MP: 6/6
 10505 | D:15     | Found a staircase to the Depths.
 10515 | D:15     | Reached skill level 10 in Fighting
 10714 | Lair:1   | Entered Level 1 of the Lair of Beasts
 11031 | Lair:2   | Reached ****** piety under Makhleb
 11133 | Lair:2   | Gained mutation: You are resistant to electric shocks.
                  | (rElec) [potion of mutation]
 11133 | Lair:2   | Gained mutation: You are partially covered in yellow
                  | scales. (AC +2) [potion of mutation]
 11482 | Lair:2   | Found a staircase to the Swamp.
 11651 | Lair:3   | Found a glowing silver altar of Zin.
 11768 | Lair:3   | Reached skill level 16 in Axes
 13033 | Lair:4   | Found a staircase to the Snake Pit.
 13051 | Snake:1  | Entered Level 1 of the Snake Pit
 13258 | Snake:2  | Reached XP level 15. HP: 140/140 MP: 4/7
 13338 | Snake:2  | Found Toll's Mayhem Merchandise.
 13346 | Snake:2  | Bought a +0 broad axe for 64 gold pieces
 13402 | Snake:3  | Found Tahier's Book Boutique.
 13462 | Snake:3  | Reached skill level 17 in Axes
 13549 | Snake:3  | Noticed a nagaraja
 13570 | Snake:3  | Killed a nagaraja
 14074 | Snake:4  | Entered Level 4 of the Snake Pit
 14124 | Snake:4  | Noticed EtherCrawl's ghost (adept FoBe)
 14365 | Snake:4  | Found a runed translucent gate.
 14365 | Snake:4  | Found a runed translucent gate.
 14365 | Snake:4  | Found a runed translucent gate.
 14390 | Snake:4  | Noticed Louise
 14432 | Snake:4  | Killed Louise
 14495 | Snake:4  | Killed EtherCrawl's ghost
 14783 | Snake:4  | Noticed a nagaraja
 14818 | Snake:4  | Noticed a nagaraja
 14818 | Snake:4  | Noticed a nagaraja
 14821 | Snake:4  | Mangled by a naga warrior

Levels and vault maps discovered:
D:1:      wander_arrival_peaceful_grave, layout_rooms
D:2:      layout_basic, fedhas_altar_4, uniq_natasha
D:3:      layout_loops_corners, lemuel_doored_altar,
          eat_drink_and_be_merry_uskayaw, gammafunk_temple_overflow_statue,
          first_ration
D:4:      layout_cave_pods
D:5:      layout_loops_ring, minmay_temple_entry_nine_rooms
D:6:      layout_rooms, nemelex_xobeh_ov_fountains_minmay
D:7:      layout_cave_pods, nicolae_qazlal_style_of_elements,
          kiku_gazebo_pond_becter, gammafunk_ghost_berserking_beasts
D:8:      layout_rooms, ebering_ghost_rock_garden, the_bakery,
          grunt_ministairs_3
D:9:      layout_long_grid, good_gods_temple_1, kennysheep_mini,
          due_lair_maze_entry_diamond, uniq_erica
D:10:     layout_rooms, basic_altar, serial_shops, nicolae_shop_window_shopping,
          uniq_joseph
D:11:     layout_basic
D:12:     layout_cave_pods, gammafunk_ghost_smash, serial_shops,
          nicolae_shop_temple_entry_statues_fountains, shop, onia_ninara_cookie
D:13:     layout_gridville, hangedman_vaults_entry_quadrant_bands
D:14:     layout_long_grid, kennysheep_big_empty_room, serial_shops, shop,
          bh_circular_ruins, uniq_rupert
D:15:     grunt_enter_depths_snipers, layout_basic, gauntlet_entry_generic,
          skrybe_limestone_x, hangedman_decor_peaks_small
Temple:   dpeg_chambers_temple
Lair:1:   layout_misc_corridors
Lair:2:   layout_chaotic_city, swamp_mist
Lair:3:   layout_cave_shapes, basic_altar, grunt_megastairs_2
Lair:4:   layout_concentric_octagons, minmay_snake_entry_guardpost_small,
          serial_bayou_pond_e, grunt_megastairs_4, lemuel_fruit_tree, uniq_kirke
Snake:1:  layout_gridlike, serial_shops, shop_fountains,
          nicolae_snake_round_shape_thing, uniq_azrael, uniq_frances
Snake:2:  layout_layer_cave, minmay_shop_mayhem
Snake:3:  layout_cave_town, serial_shops, nicolae_shop_trees
Snake:4:  johnstein_snake_rune_scales, layout_onion, gammafunk_ghost_split,
          special_room, uniq_louise

Skill      XL: |  1  2  3  4  5  6  7  8  9 10 11 12 13 14 15 |
---------------+----------------------------------------------+-----
Fighting       | 3 4 5 6 7 8 9 10 11 | 11.3
Axes           | 3 4 5 6 8 10 11 12 14 15 16 17 | 17.6
Armour         | 4 5 6 7 8 9 10 11 12 13 | 13.2
Shields        | 4 5 6 7 8 9 10 11 12 13 | 13.2
Invocations    | 2 4 6 8 10 11 12 13 | 13.8

Action                   |  1- 3 |  4- 6 |  7- 9 | 10-12 | 13-15 || total
-------------------------+-------+-------+-------+-------+-------++-------
Melee: War axe           |    65 |    37 |   400 |   754 |  1155 ||  2411
       Bite              |       |       |       |    24 |   186 ||   210
       Broad axe         |       |       |       |       |    48 ||    48
Invok: Lesser Servant of |       |       |       |       |     8 ||     8
       Greater Servant o |       |       |       |       |     7 ||     7
 Abil: Heal Wounds       |       |     5 |    13 |    27 |    24 ||    69
Evoke: Wand              |       |       |       |       |     2 ||     2
  Use: Scroll            |       |       |    10 |     9 |    18 ||    37
       Potion            |       |       |     2 |     4 |     5 ||    11
 Stab: Distracted        |       |       |       |     1 |     2 ||     3
       Invisible         |       |       |       |       |     2 ||     2
  Eat: Chunk             |       |       |    10 |    14 |    20 ||    44
       Ration            |       |       |       |       |     1 ||     1
Armor: Scale mail        |    24 |    31 |     2 |       |       ||    57
       Plate armour      |       |       |   268 |   436 |   579 ||  1283
       Skin              |       |       |    24 |       |       ||    24
Dodge: Dodged            |    16 |    34 |    89 |   128 |   354 ||   621
Block: Kite shield       |    37 |    48 |   274 |   440 |   692 ||  1491
       Tower shield      |       |       |       |       |    98 ||    98

Table legend:
 A = Non-vault XP
 B = Vault XP
 C = Vault XP percentage of total XP
 D = Non-vault monster count
 E = Vault monster count
 F = Vault count percentage of total count
                 A         B        C        D         E       F
            +---------+---------+-------+---------+---------+-------
      Total |  103666 |   39543 |  27.6 |     480 |     102 |  17.5
            +---------+---------+-------+---------+---------+-------
        D:1 |      24 |       0 |   0.0 |      10 |       0 |   0.0
        D:2 |      20 |      35 |  63.6 |       8 |       1 |  11.1
        D:3 |      14 |       0 |   0.0 |       7 |       0 |   0.0
        D:4 |     404 |       0 |   0.0 |      11 |       0 |   0.0
        D:5 |     695 |       0 |   0.0 |      17 |       0 |   0.0
        D:6 |     953 |       0 |   0.0 |      26 |       0 |   0.0
        D:7 |    1045 |       0 |   0.0 |      29 |       0 |   0.0
        D:8 |    2833 |     394 |  12.2 |      30 |       4 |  11.8
        D:9 |    2753 |    1902 |  40.9 |      21 |      10 |  32.3
       D:10 |    1858 |     471 |  20.2 |      17 |       1 |   5.6
       D:11 |    4663 |       0 |   0.0 |      29 |       0 |   0.0
       D:12 |    4319 |    3180 |  42.4 |      15 |      17 |  53.1
       D:13 |    4762 |    8606 |  64.4 |      31 |      16 |  34.0
       D:14 |    9022 |    2931 |  24.5 |      33 |       3 |   8.3
       D:15 |    9613 |    2336 |  19.5 |      30 |       3 |   9.1
     Lair:1 |    2664 |       0 |   0.0 |      12 |       0 |   0.0
     Lair:2 |    3915 |       0 |   0.0 |      22 |       0 |   0.0
     Lair:3 |    9690 |     292 |   2.9 |      40 |       1 |   2.4
     Lair:4 |    2646 |    2146 |  44.8 |       9 |       9 |  50.0
    Snake:1 |    2702 |       0 |   0.0 |       8 |       0 |   0.0
    Snake:2 |   13200 |       0 |   0.0 |      24 |       0 |   0.0
    Snake:3 |   19303 |       0 |   0.0 |      37 |       0 |   0.0
    Snake:4 |    6568 |   10759 |  62.1 |      14 |      23 |  62.2
   Gauntlet |       0 |    6491 | 100.0 |       0 |      14 | 100.0
            +---------+---------+-------+---------+---------+-------
